 Dungeon Crawl Stone Soup version 0.20.2-3-g29329e0561 (webtiles) character file.

1535 Pixllover the Cleaver (level 8, -15/70 HPs)
             Began as a Minotaur Berserker on Feb 5, 2021.
             Was an Elder of Trog.
             Demolished by an orc warrior
             ... wielding a +4 war axe
              (19 damage)
             ... on level 6 of the Dungeon.
             The game lasted 00:17:06 (5661 turns).

Pixllover the Cleaver (Minotaur Berserker)          Turns: 5661, Time: 00:17:06

Health: -15/70     AC: 10    Str: 23    XL:     8   Next: 55%
Magic:  7/7        EV:  6    Int:  4    God:    Trog [****..]
Gold:   364        SH: 17    Dex: 11    Spells: 7/7 levels left

rFire    . . .     SeeInvis +   x - +0 war axe
rCold    . . .     Gourm    .   j - +2 large shield
rNeg     . . .     Faith    .   n - +0 chain mail
rPois    .         Spirit   .   (helmet restricted)
rElec    .         Reflect  .   (no cloak)
rCorr    .         Harm     .   (no gloves)
MR       .....                  (no boots)
Stlth    ..........             (no amulet)
Regen    0.3/turn               q - ring of see invisible
MPRegen  0.1/turn               (no ring)

@: berserk cooldown, slowed, very slow
A: retaliatory headbutt, horns 2
a: Berserk, Trog's Hand, Brothers in Arms, Burn Spellbooks, Renounce Religion


You were on level 6 of the Dungeon.
You worshipped Trog.
Trog was greatly pleased with you.
You were very hungry.

You visited 1 branch of the dungeon, and saw 6 of its levels.

You collected 364 gold pieces.

Inventory:

Hand Weapons
 l - a +1 hand axe of chopping
 p - a +0 great sword
 x - a +0 war axe (weapon)
Missiles
 o - 3 needles of confusion
Armour
 j - a +2 large shield (worn)
 n - a +0 chain mail (worn)
Jewellery
 q - a ring of see invisible (left hand)
Scrolls
 b - a scroll of fog {unknown}
 e - 6 scrolls of remove curse
 g - 2 scrolls of magic mapping {unknown}
 m - 2 scrolls of fear {unknown}
 s - a scroll of recharging {unknown}
 t - 2 scrolls of teleportation {unknown}
 u - a scroll of enchant weapon {unknown}
 v - a scroll of random uselessness {unknown}
Potions
 a - a potion of ambrosia {unknown}
 f - a potion of mutation {unknown}
 h - 2 potions of agility {unknown}
 i - a potion of flight {unknown}
 k - 2 potions of curing
 r - a potion of magic {unknown}
 w - a potion of brilliance {unknown}
Comestibles
 c - 3 bread rations
 d - 2 fruits
 z - 8 chunks of flesh


   Skills:
 + Level 6.2 Fighting
 + Level 8.4 Axes
 + Level 6.1 Armour
 + Level 3.5 Dodging
 + Level 0.5 Stealth
 + Level 6.0 Shields


You had 7 spell levels left.
You didn't know any spells.

Dungeon Overview and Level Annotations

Branches:
Dungeon (6/15)             Temple (0/1) D:4

Altars:
Dithmenos
Gozag
Ru

Shops:
D:6 :

Annotations:
D:5 Prince Ribbit


Innate Abilities, Weirdness & Mutations

You reflexively headbutt those who attack you in melee.
You have a pair of horns on your head.


Message History

Your Armour skill increases to level 6!
The orc priest invokes the aid of Beogh against you.
Pain shoots through your body!
* * * LOW HITPOINT WARNING * * *
An orc warrior comes into view. It is wielding an enchanted war axe.
Things that are here:
an uncursed shortbow; 14 arrows; a centaur corpse You block the orc priest's attack.
The orc hits you with a flail.
* * * LOW HITPOINT WARNING * * *
The orc priest mumbles some strange prayers to Beogh against you.
Pain shoots through your body!
* * * LOW HITPOINT WARNING * * *
The orc priest looks braver for a moment.
You block the orc's attack. The orc priest barely misses you.
You furiously retaliate!
You headbutt the orc priest, but do no damage.
You block the orc warrior's attack. The orc hits you with a flail.
* * * LOW HITPOINT WARNING * * *
The orc warrior hits you with an enchanted war axe!!
You die...

###..........†††......
###.##.........†........
..............††........
.........)....(.........
..............(.........
......#.................
#.#####(......)†..>....$
...# #.....>.oor.......
...# #.........@.......
...####.#......o........
........##.....#........
...####.########.......?
...# ### #.......[ ...#
........( #### ......###
.......


You could see an orc warrior, an orc priest, an orc and a quokka.

Vanquished Creatures
  Grinder (D:5)
  Eustachio (D:5)
  A sky beast (D:6)
  A phantom (D:5)
  A centaur (D:6)
  2 big kobolds (D:4)
  A bullfrog (D:6)
  A scorpion (D:5)
  2 howler monkeys
  2 crimson imps
  2 jellies
  A hound (D:5)
  An orc priest (D:6)
  2 iguanas
  An orc wizard (D:6)
  Terence (D:2)
  A worker ant (D:4)
  8 gnolls
  5 adders
  A shadow imp (D:5)
  An ooze (D:3)
  An adder skeleton (D:4)
  2 worms
  2 dart slugs (D:1)
  2 leopard geckos
  12 orcs
  5 giant cockroaches
  4 goblins
  8 hobgoblins
  10 jackals
  53 kobolds
  5 quokkas
  A ball python (D:1)
  4 bats
  5 frilled lizards
  A quokka zombie (D:6)
  8 rats
160 creatures vanquished.

Notes
Turn   | Place    | Note
-------+----------+-------------------------------------------
     0 | D:1      | Pixllover the Minotaur Berserker began the quest for the Orb.
     0 | D:1      | Reached XP level 1. HP: 19/19 MP: 0/0
   317 | D:1      | Reached skill level 4 in Axes
   335 | D:1      | Reached XP level 2. HP: 9/27 MP: 1/1
   974 | D:1      | Reached XP level 3. HP: 31/33 MP: 2/2
  1141 | D:2      | Noticed Terence
  1150 | D:2      | Killed Terence
  1155 | D:2      | Reached ** piety under Trog
  1458 | D:2      | Reached XP level 4. HP: 41/41 MP: 3/3
  1743 | D:3      | Reached skill level 5 in Axes
  1959 | D:3      | Reached skill level 5 in Fighting
  2202 | D:3      | Reached XP level 5. HP: 42/48 MP: 4/4
  2890 | D:4      | Found a shadowy altar of Dithmenos.
  2890 | D:4      | Found an opulent altar of Gozag.
  3172 | D:4      | Found a staircase to the Ecumenical Temple.
  3469 | D:4      | Reached *** piety under Trog
  3631 | D:4      | Reached XP level 6. HP: 56/56 MP: 5/5
  3636 | D:4      | Reached skill level 1 in Shields
  3835 | D:4      | Reached skill level 6 in Axes
  3841 | D:4      | Reached **** piety under Trog
  4084 | D:4      | Reached XP level 7. HP: 53/61 MP: 6/6
  4205 | D:5      | Entered Level 5 of the Dungeon
  4593 | D:5      | Found a sacrificial altar of Ru.
  4644 | D:5      | Reached skill level 7 in Axes
  4739 | D:5      | Noticed Grinder
  4739 | D:5      | Paralysed by Grinder for 5 turns
  4762 | D:5      | Killed Grinder
  4762 | D:5      | Reached skill level 5 in Armour
  4762 | D:5      | Reached skill level 5 in Shields
  4901 | D:5      | Noticed Prince Ribbit
  4921 | D:5      | HP: 3/62 [Prince Ribbit (10)]
  5081 | D:5      | Noticed Eustachio
  5090 | D:5      | Killed Eustachio
  5090 | D:5      | Reached XP level 8. HP: 50/70 MP: 7/7
  5593 | D:6      | Found Ynteusch's Book Boutique.
  5645 | D:6      | Reached skill level 8 in Axes
  5661 | D:6      | Demolished by an orc warrior

Skill      XL: |  1  2  3  4  5  6  7  8 |
---------------+-------------------------+-----
Axes           | 4 5 6 7 8 |  8.4
Fighting       | 4 5 6 |  6.2
Armour         | 3 4 5 6 |  6.1
Shields        | 3 5 6 |  6.0
Dodging        | 3 |  3.5
Stealth        | |  0.5

Action                   |  1- 3 |  4- 6 |  7- 9 || total
-------------------------+-------+-------+-------++-------
Melee: Hand axe          |    49 |   188 |     8 ||   245
       Headbutt          |    11 |    25 |    16 ||    52
       Dagger            |    22 |       |       ||    22
       War axe           |       |       |   100 ||   100
Invok: Berserk           |       |     1 |     2 ||     3
  Use: Scroll            |     1 |     2 |       ||     3
       Potion            |       |       |     2 ||     2
  Eat: Chunk             |     1 |     5 |     2 ||     8
       Meat ration       |       |     1 |       ||     1
       Royal jelly       |       |       |     2 ||     2
Armor: Animal skin       |    21 |       |       ||    21
       Chain mail        |     2 |    74 |    35 ||   111
       Skin              |       |       |     4 ||     4
Dodge: Dodged            |    48 |    42 |    24 ||   114
Block: Large shield      |       |   148 |   106 ||   254
